 Dungeon Crawl Stone Soup version 0.31-a0-859-g9dce7d3444 (webtiles) character file.

Game seed: 1486955504682025420

9 Kurtz the Sneak (level 2, -7/28 HPs)
             Began as a Naga Delver on Oct 9, 2023.
             Mangled by an orc
             ... wielding a +0 quarterstaff
              (10 damage)
             ... on level 6 of the Dungeon.
             The game lasted 00:00:36 (130 turns).

Kurtz the Sneak (Naga Delver)                        Turns: 130, Time: 00:00:36

Health: -7/28      AC:  2    Str: 14    XL:     2   Next: 16%
Magic:  2/2        EV:  9    Int: 10    God:
Gold:   8          SH:  0    Dex: 12    Spells: 1/1 levels left

rFire   . . .        a - +0 hand axe
rCold   . . .        (no shield)
rNeg    . . .        b - +0 leather armour
rPois   +            (no helmet)
rElec   .            (no cloak)
rCorr   .            (no gloves)
SInv    +            (no barding)
Will    .....        (no amulet)
Stlth   +++          (no ring)
HPRegen 0.24/turn    (no ring)
MPRegen 0.08/turn

%: no passive effects
@: very slow
A: AC +0, large, see invisible, deformed body, poison resistance, slowness 2,
spit poison 1, naga tail 1
a: Spit Poison


You were on level 6 of the Dungeon.
You visited 1 branch of the dungeon, and saw 2 of its levels.

You collected 8 gold pieces.

Inventory:

Hand Weapons
 a - a +0 hand axe (weapon)
Armour
 b - a +0 leather armour (worn)
Wands
 g - a wand of digging (3)
Scrolls
 c - a scroll of fog
 d - a scroll of revelation
Potions
 f - a potion of haste


   Skills:
 - Level 3.0 Fighting
 + Level 2.8 Axes
 - Level 1.5 Dodging
 - Level 7.2 Stealth


You had one spell level left.
You didn't know any spells.
Your spell library was empty.

Dungeon Overview and Level Annotations

Branches:
Dungeon (6/15)
 Temple: D:4-7

Altars:

Shops:
D:5 [

Annotations:
D:6 exclusion: howler monkey


Innate Abilities, Weirdness & Mutations

Your serpentine skin is tough. (AC +0)
You have supernaturally acute eyesight. (SInv)
Armour fits poorly on your strangely shaped body.
Your system is resistant to poisons. (rPois)
You cover ground very slowly.
You can spit poison.
You have a snake-like lower body.


Message History

The orc misses you. The orc hits you with a +0 whip.
The orc attacks as it pursues you! The orc hits you with a +0 whip.
* * * LOW HITPOINT WARNING * * *
The orc closely misses you. The orc hits you with a +0 whip.
* * * LOW HITPOINT WARNING * * *
The orc barely misses you.
Found a bubbling sapphire potion.
The orc attacks as it pursues you! The orc barely misses you.
Okay, then.
As you read the scroll of fear, it crumbles to dust.
You assume a fearsome visage.
The orc looks frightened! x2
An orc comes into view. It is wielding a +2 trident of venom.
An orc comes into view. It is wielding a +0 hand axe.
The orc moves out of view.
An orc comes into view. It is wielding a +0 quarterstaff.
The orc shouts!
You hear a shout!
You hear a bark!
The orc barely misses you.
Aiming: Spit Poison (2% risk of failure)
Press: ? - help, Shift-Dir - straight line The splash of poison hits the orc.
The orc is poisoned.
You kill the orc!
The orc shouts!
A hound comes into view.
Unknown command.
You hit the orc but do no damage. The orc misses you.
You barely miss the orc. You closely miss the orc.
You have got your breath back.
The orc hits you with a +0 quarterstaff.
* * * LOW HITPOINT WARNING * * *
The orc closely misses you.
You closely miss the orc. x2; The orc closely misses you.
The orc completely misses you. The orc hits you with a +0 hand axe.
* * * LOW HITPOINT WARNING * * *
The orc barely misses you.
You barely miss the orc. You hit the orc. The orc hits you with a +0 hand axe.
* * * LOW HITPOINT WARNING * * *
The orc hits you with a +0 quarterstaff!
You die...

#...## # #.... .##
#.... ...#...#
#.#...# ##...h.
#...oo# #........
#@###.......#
#...#...!...#
#...+.......#
#.#.#.......#
#.#.#.......####..
#.#.+.......#.....
#.###.......#.....
#.........#.#.....
######..#.#.#.....


You could see a hound and 2 orcs.

Vanquished Creatures
  A white imp (D:6)
  An orc (D:6)
2 creatures vanquished.

Notes
Turn   | Place    | Note
-------+----------+-------------------------------------------
     0 | D:5      | Kurtz the Naga Delver began the quest for the Orb.
     0 | D:5      | Reached XP level 1. HP: 21/21 MP: 1/1
     9 | D:6      | Reached XP level 2. HP: 28/28 MP: 2/2
    77 | D:6      | Noticed a howler monkey
   130 | D:6      | Mangled by an orc

Illustrated notes

Levels and vault maps discovered:
D:5:      layout_layer_cave, serial_shops, nicolae_take_the_stairs
D:6:      layout_basic, mainiacjoe_overflow_alcove_4,
          chequers_temple_overflow_statue_of_worship, minivault_5,
          kennysheep_nub, uniq_jeremiah

Action                     || total
---------------------------++-------
  Melee: Hand axe          ||     6
Ability: Spit Poison       ||     1
    Use: Scroll            ||     1
   Stab: Sleeping          ||     1
 Armour: Leather armour    ||    11
  Dodge: Dodged            ||    12

Table legend: (Time is in decaauts)
 A = Elapsed time spent in this place.
 B = Non-inter-level travel time spent in this place.
 C = Inter-level travel time spent in this place.
 D = Time resting spent in this place.
 E = Time spent auto-exploring this place.
 F = Levels seen in this place.
 G = Mean time per level.
                   A        B        C        D        E       F      G
               +--------+--------+--------+--------+--------+-----+--------+
         Total |    178 |    178 |      0 |      0 |     69 |   2 |   89.0 |
       Dungeon |    178 |    178 |      0 |      0 |     69 |   2 |   89.0 |
               +--------+--------+--------+--------+--------+-----+--------+

Top non-repeatable levels by time:
     D:6: 171 daAuts
     D:5: 6 daAuts
